 Dungeon Sprint DCSS version 0.21-a0-216-g6d3fd91 (webtiles) character file.

1276 potatolord6000 the Fighter (level 8, -3/59 HPs)
             Began as a Gargoyle Fighter on Aug 23, 2017.
             Slain by a tyrant leech (15 damage)
             ... in the Dungeon (Sprint II: "The Violet Keep of Menkaure").
             The game lasted 00:05:18 (678 turns).

potatolord6000 the Fighter (Gargoyle Fighter)        Turns: 678, Time: 00:05:19

Health: -3/59      AC: 19    Str: 22    XL:     8   Next: 54%
Magic:  8/8        EV:  9    Int:  9    God:
Gold:   53         SH: 12    Dex:  9    Spells: 7/7 levels left

rFire    + . .     SeeInvis .   a - +0 flail
rCold    + . .     Gourm    .   c - +0 shield
rNeg     + . .     Faith    .   e - +0 scale mail of the Queen of Wands {rPois rF+ Dex+2}
rPois    ∞         Spirit   .   h - +0 helmet (curse)
rElec    +         Reflect  .   (no cloak)
rCorr    .         Harm     .   d - +2 pair of gloves
MR       .....     NoTele   +   (no boots)
Stlth    ..........             (no amulet)
HPRegen  0.19/turn              (no ring)
MPRegen  0.11/turn              (no ring)

@: berserk cooldown, slowed, very slow
A: clumsy 1, cold resistance 1, mutation resistance 1, negative energy
resistance 1, electricity resistance, unbreathing, petrification resistance, rot
immunity, AC +5
a: no special abilities


You were in the Dungeon.
You were not hungry.

You visited 1 branch You collected 729 gold pieces.
You spent 676 gold pieces at shops.

Inventory:

Hand Weapons
 a - a +0 flail (weapon)
Armour
 c - a +0 shield (worn)
 d - a +2 pair of gloves (worn)
 e - the +0 scale mail of the Queen of Wands (worn) {rPois rF+ Dex+2}
   (You bought it in a shop in the Dungeon)

   It affects your dexterity (+2).
   It protects you from fire.
   It protects you from poison.
 h - a cursed +0 helmet (worn)
Scrolls
 k - a scroll of blinking
Potions
 g - a potion of heal wounds
 i - 2 potions of magic
Comestibles
 f - a bread ration


   Skills:
 + Level 10.6 Fighting
 + Level 9.5 Maces & Flails
 + Level 10.6 Armour
 + Level 10.5 Shields


You had 7 spell levels left.
You didn't know any spells.

Dungeon Overview and Level Annotations

Branches:
Dungeon (1/1)

Altars:

Shops:
D ::=*[!(%![=[}[%?

Annotations:
D exclusion: oklob plant


Innate Abilities, Weirdness & Mutations

You are resistant to torment.
Your stone body is resilient. (AC +5)
You are immune to poison.
You resist negative energy. (rN+)
You are resistant to electric shocks. (rElec)
You can survive without breathing.
You are immune to petrification.
You are immune to rotting.
You are clumsy. (Dex -2)
Your flesh is cold resistant. (rC+)
You are somewhat resistant to further mutation.


Message History

The tyrant leech is heavily wounded.
The tyrant leech bites you!
* * * LOW HITPOINT WARNING * * *
The tyrant leech bites you.
* * * LOW HITPOINT WARNING * * *
There is an open door here.
You block the tyrant leech's attack.
You see here a trident.
There is an open door here.
You enter the shallow water.
Moving in this stuff is going to be slow.
The tyrant leech closely misses you.
You open the door.
The tyrant leech bites you but does no damage.
Really walk into a travel-excluded area?
The wyvern hisses angrily.
There is an open door here.
The yak bellows!
The tyrant leech bites you!
You die...

############≈≈#++
###########≈≈≈...
##.....∩.∩#≈≈≈≈.## ##
##....∩.∩.#≈≈≈≈##$ .##
##...∩.∩[.#≈≈≈≈#.. ..
##..∩.∩...#≈≈### .#. ##
##.⌠.∩....#≈##.###†# .##
##..∩.∩...#≈#...##.###..#
##...∩.∩.@w≈'.#)'.<.'.#
##....∩.∩.#≈#...##.###..#
#▓▓▓▓▓▓▓###≈##.###+## .##
##$YY######≈≈####...# ##
#/.l#F ##≈≈≈#.##..#
#lP$+$ +#≈## ### #?$.#?#
≈≈# #(.( ≈≈ ##+#


You could see a tyrant leech, an oklob plant, 2 yaks and 2 wyverns.

Vanquished Creatures
  A merfolk siren (D)
  A tyrant leech (D)
  4 neqoxecs (D)
  Menkaure (D)
  4 worker ants (D)
11 creatures vanquished.

Vanquished Creatures (others)
  A crocodile (D)
1 creature vanquished.

Grand Total: 12 creatures vanquished

Notes
Turn   | Place    | Note
-------+----------+-------------------------------------------
     0 | D        | potatolord6000 the Gargoyle Fighter began the quest for the Orb.
     0 | D        | Reached XP level 1. HP: 14/14 MP: 1/1
     1 | D        | Noticed a tyrant leech
     1 | D        | Noticed a tyrant leech
     5 | D        | Noticed a worker ant
     5 | D        | Noticed a worker ant
    18 | D        | Killed a worker ant
    18 | D        | Reached XP level 2. HP: 6/20 MP: 2/2
    18 | D        | Reached XP level 3. HP: 8/24 MP: 3/3
    20 | D        | Reached skill level 5 in Fighting
    20 | D        | Reached skill level 5 in Armour
    20 | D        | Reached skill level 5 in Shields
    37 | D        | Reached XP level 4. HP: 10/31 MP: 4/4
   244 | D        | Killed a crocodile
   302 | D        | Noticed a neqoxec
   302 | D        | Noticed a neqoxec
   302 | D        | Noticed a neqoxec
   302 | D        | Noticed a neqoxec
   305 | D        | Gained mutation: You are clumsy. (Dex -2) [a neqoxec]
   307 | D        | Killed a neqoxec
   307 | D        | Reached XP level 5. HP: 38/38 MP: 5/5
   308 | D        | Gained mutation: Your flesh is cold resistant. (rC+) [a neqoxec]
   316 | D        | Killed a neqoxec
   316 | D        | Reached XP level 6. HP: 32/44 MP: 6/6
   321 | D        | Killed a neqoxec
   321 | D        | Reached XP level 7. HP: 37/50 MP: 7/7
   327 | D        | Gained mutation: You are somewhat resistant to further mutation. [a neqoxec]
   332 | D        | Killed a neqoxec
   481 | D        | Noticed a merfolk siren
   510 | D        | Killed a merfolk siren
   510 | D        | Reached skill level 10 in Fighting
   510 | D        | Reached skill level 10 in Armour
   510 | D        | Reached skill level 10 in Shields
   510 | D        | Reached XP level 8. HP: 54/57 MP: 8/8
   529 | D        | Found Gecheuqo's Food Emporium.
   529 | D        | Found Sauffexe's Antique Armour Shoppe.
   529 | D        | Found Oram's Distillery.
   529 | D        | Found Kisaacarch's Food Shoppe.
   529 | D        | Found Tibiukyps's Armour Shoppe.
   529 | D        | Found Seabb's Antique Weapon Emporium.
   530 | D        | Found Zypnigyph's Antique Armour Shoppe.
   530 | D        | Found Yrioqeyxt's Assorted Antiques.
   530 | D        | Found Neced's Antique Armour Shoppe.
   530 | D        | Found Caug's Magic Scroll Shoppe.
   530 | D        | Found Qeitymis's Jewellery Emporium.
   531 | D        | Found Fenosh's Jewellery Shoppe.
   531 | D        | Found Vohocapi's Book Emporium.
   531 | D        | Noticed a yak
   532 | D        | Found Ykiwusam's Gadget Shoppe.
   532 | D        | Found Etuth's Distillery.
   532 | D        | Noticed a wyvern
   533 | D        | Noticed Menkaure
   533 | D        | Noticed a yak
   533 | D        | Noticed an oklob plant
   534 | D        | Found Doph's Book Shoppe.
   534 | D        | Noticed a wyvern
   535 | D        | Noticed a yak
   547 | D        | Killed Menkaure
   556 | D        | Noticed a spiny frog
   559 | D        | Noticed a spiny frog
   578 | D        | Bought a +2 pair of gloves for 198 gold pieces
   594 | D        | Bought an ichor-stained scale mail for 261 gold pieces
   594 | D        | Bought a runed helmet for 217 gold pieces
   610 | D        | Identified the +0 scale mail of the Queen of Wands {rPois rF+ Dex+2} (You bought it in a shop in the Dungeon)
   655 | D        | Killed a tyrant leech
   678 | D        | Slain by a tyrant leech

Vault maps used:
D:        the_violet_keep_of_menkaure

Skill      XL: |  1  2  3  4  5  6  7 |
---------------+----------------------+-----
Fighting       | 4 5 7 8 10 | 10.6
Maces & Flails | 3 4 6 7 9 |  9.5
Armour         | 4 5 7 8 10 | 10.6
Shields        | 4 5 7 8 10 | 10.5

Action                   |  1- 3 |  4- 6 |  7- 9 || total
-------------------------+-------+-------+-------++-------
Melee: Flail             |    27 |    28 |    72 ||   127
  Use: Potion            |     1 |     2 |     1 ||     4
Armor: Scale mail        |     9 |     4 |    11 ||    24
Dodge: Dodged            |     9 |     6 |     8 ||    23
Block: Shield            |     6 |     6 |    15 ||    27

Table legend:
 A = Spawn XP
 B = Non-spawn XP
 C = Spawn XP percentage of total XP
 D = Spawn monster count
 E = Non-spawn monster count
 F = Spawn count percentage of total count
 G = Total turns spent on level
                    A         B        C        D         E        F      G
               +---------+---------+-------+---------+---------+-------+---------
         Total |       0 |    1824 |   0.0 |       0 |      11 |   0.0 |   678
               +---------+---------+-------+---------+---------+-------+---------
             D |       0 |    1824 |   0.0 |       0 |      11 |   0.0 |   678
               +---------+---------+-------+---------+---------+-------+---------
